 Dungeon Crawl Stone Soup version 0.28.0-53-g5a82cb258f (webtiles) character file.

Game seed: 4017729148985526196

133 Sin92 the Skirmisher (level 4, -1/35 HPs)
             Began as a Demonspawn Fighter on July 17, 2022.
             Was an Initiate of Okawaru.
             Slain by an adder (4 damage)
             ... on level 3 of the Dungeon.
             The game lasted 00:02:31 (2244 turns).

Sin92 the Skirmisher (Demonspawn Fighter)           Turns: 2244, Time: 00:02:32

Health: -1/35      AC:  6    Str: 19    XL:     4   Next: 94%
Magic:  4/4        EV:  9    Int:  9    God:    Okawaru [......]
Gold:   56         SH:  4    Dex: 12    Spells: 3/3 levels left

rFire   . . .      SeeInvis .   a - +0 war axe
rCold   . . .      Faith    .   c - +0 buckler
rNeg    . . .      Spirit   .   b - +0 scale mail
rPois   .          Reflect  .   (no helmet)
rElec   .          Harm     .   (no cloak)
rCorr   .          Rampage  .   (no gloves)
Will    .....                   (no boots)
Stlth   ..........              (no amulet)
HPRegen 0.11/turn               (no ring)
MPRegen 0.09/turn               (no ring)

@: mighty
A: powered by pain 1, weakness stinger 2
a: Renounce Religion


You were on level 3 of the Dungeon.
You worshipped Okawaru.
Okawaru was noncommittal.
You visited 1 branch of the dungeon, and saw 3 of its levels.

You collected 56 gold pieces.

Inventory:

Hand Weapons
 a - a +0 war axe (weapon)
Armour
 b - a +0 scale mail (worn)
 c - a +0 buckler (worn)
Wands
 j - a wand of iceblast (12)
Scrolls
 f - a scroll of identify
Potions
 e - 3 potions of flight
 g - 2 potions of heal wounds {unknown}
 h - a potion of brilliance {unknown}
 i - a potion of lignification


   Skills:
 + Level 3.5 Fighting
 * Level 3.0 Axes
 + Level 3.2 Armour
 + Level 1.4 Dodging
 + Level 3.1 Shields


You had 3 spell levels left.
You didn't know any spells.
Your spell library was empty.

Dungeon Overview and Level Annotations

Branches:
Dungeon (3/15)

Altars:
Okawaru

Annotations:
D:3 turdburglar's ghost, novice BaFi


Innate Abilities, Weirdness & Mutations

You sometimes gain a little power by taking damage.
You have a tail ending in a sharp stinger.


Message History

The goblin is severely wounded.
The goblin closely misses you. You block the goblin's attack.
You slash the goblin!
You kill the goblin!
Okawaru accepts your kill.
You now have 56 gold pieces (gained 5).
Things that are here:
a +0 dagger; a goblin corpse
e - 3 potions of flight (gained 1)
Items here: ))) [[ †††.
Found an escape hatch in the ceiling.
Found a runed translucent door.
Found a stone staircase leading down.
The adder hisses angrily.
You hear an angry hiss.
The adder hisses angrily.
The adder hisses angrily.
Turdburglar's ghost turns its malevolent gaze towards you.
Found a potion of flight.
You open the door. The adder bites you.
* * * LOW HITPOINT WARNING * * *
You hit the adder.
The adder is lightly wounded.
The adder bites you but does no damage.
Turdburglar's ghost screams, "What do you have that I didn't have?"
You closely miss the adder.
Your tail-slap misses the adder.
The adder is lightly wounded.
The adder barely misses you. The adder barely misses you.
You block the adder's attack. The adder barely misses you. The adder bites you.
* * * LOW HITPOINT WARNING * * *
You block the adder's attack.
There is an open translucent door, spattered with blood here.
Unknown command.
You closely miss the adder. x2; You slash the adder!
You kill the adder!
Okawaru accepts your kill. The adder bites you.
* * * LOW HITPOINT WARNING * * *
The adder bites you.
You die...

#........###.#.#
#..#.###.# #.#.#
#....# #.# #.#.#
#....# #.###.#.#
#....###.##....#
#.....<..#.....##
.....###........##
#. ########...#
#≈!≈≈WS@..##
########S## #
#....# #.# ##>###
..# #.# ### #.# #.
.. .


You could see turdburglar's ghost and 2 adders.

Vanquished Creatures
  Ijyb (D:3)
  Robin (D:3)
  4 adders
  2 worms
  3 dart slugs (D:3)
  4 ball pythons
  2 bats
  4 endoplasms
  8 goblins
  6 hobgoblins
  8 jackals (D:3)
  3 frilled lizards (D:2)
  3 kobolds
  7 rats
56 creatures vanquished.

Notes
Turn   | Place    | Note
-------+----------+-------------------------------------------
     0 | D:1      | Sin92 the Demonspawn Fighter began the quest for the Orb.
     0 | D:1      | Reached XP level 1. HP: 18/18 MP: 1/1
   942 | D:2      | Discovered your monstrous ancestry.
   942 | D:2      | Gained mutation: You have a small tail. [demonic ancestry]
   942 | D:2      | Reached XP level 2. HP: 24/24 MP: 2/2
   969 | D:2      | HP: 1/24 [poisoned by an adder]
  1395 | D:2      | Gained mutation: You have a tail ending in a sharp stinger.
                  | [demonic ancestry]
  1395 | D:2      | Reached XP level 3. HP: 29/29 MP: 3/3
  1412 | D:2      | Found a faded altar of an unknown god.
  1413 | D:2      | Noticed a floating eye
  1423 | D:2      | Noticed a golden eye
  1423 | D:2      | Noticed a shining eye
  1423 | D:2      | Noticed a shining eye
  1659 | D:2      | Identified the +1 robe "Yqilush" {Will++ Int+5}
  1732 | D:3      | Noticed Ijyb
  1746 | D:3      | Killed Ijyb
  1747 | D:3      | Reached skill level 1 in Dodging
  1747 | D:3      | Gained mutation: You sometimes gain a little power by
                  | taking damage. [demonic ancestry]
  1747 | D:3      | Reached XP level 4. HP: 27/35 MP: 4/4
  2109 | D:3      | Found an iron altar of Okawaru.
  2122 | D:3      | Became a worshipper of Warmaster Okawaru
  2189 | D:3      | Noticed Robin
  2207 | D:3      | Killed Robin
  2233 | D:3      | Found a runed translucent door.
  2237 | D:3      | Noticed turdburglar's ghost (novice BaFi)
  2244 | D:3      | Slain by an adder

Illustrated notes

Levels and vault maps discovered:
D:1:      lemuel_arrival_lava_pool, layout_rooms,
          chequers_serial_rivers_micro_a, chequers_serial_rivers_large_a,
          wad_floor_pattern_untrapped, minmay_crystal_water,
          serial_bayou_lagoon_b
D:2:      layout_rooms, hellmonk_ecumenical_altar_watching_god,
          corexii_hall_statues_u, due_unseen_surprise
D:3:      layout_loops_ring, nicolae_overflow_crystal_walls,
          mainiacjoe_overflow_alcove_1, ebering_ghost_sewer_d,
          minmay_strange_pillars, uniq_robin, uniq_ijyb, uniq_grinder,
          uniq_terence

Skill      XL: |  1  2  3  4 |
---------------+-------------+-----
Axes           | 2 3 |  3.0
Armour         | 3 |  3.2
Dodging        | 1 |  1.4
Shields        | 3 |  3.1
Fighting       | |  3.5

Action                   |  1- 3 |  4- 6 || total
-------------------------+-------+-------++-------
Melee: War axe           |    86 |    67 ||   153
       Tailslap          |     3 |     5 ||     8
  Use: Scroll            |     3 |       ||     3
       Potion            |       |     1 ||     1
Armor: Scale mail        |    46 |    28 ||    74
Dodge: Dodged            |    39 |    34 ||    73
Block: Buckler           |    23 |    13 ||    36
